Maple Leafs vs Nordiques

Created - 21 novembre 2016 at 19:03

Goals
1 2 3 T
Maple Leafs 0 2 1 3
Nordiques 0 1 3 4
Shots
1 2 3 T
Maple Leafs 13 7 9 29
Nordiques 19 8 12 39

1st period

No Goal

Penalties :
Nikita Kucherov (Que) for Tripping (Minor) at 5:56

2nd period

1. Maple Leafs , Byron Bitz 2 (Jordan Staal) at 1:01
2. Nordiques , R.J. Umberger 7 (Chris Drury) at 3:04
3. Maple Leafs , Colby Armstrong 4 (Jamie Benn, Zac Dalpe) at 6:50

Penalties :
T.J. Fast (Que) for Cross-checking (Minor) at 11:40, Byron Bitz (Tor) for Tripping (Minor) at 14:39

3rd period

4. Nordiques , Jean-Pierre Dumont 3 (Kyle Calder, Dustin Byfuglien) at 3:57
5. Maple Leafs , Evgeni Malkin 11 (Claude Giroux) at 4:01
6. Nordiques , Nikolai Kulemin 1 (Matt Moulson, Dustin Byfuglien) at 17:47 (PP)
7. Nordiques , Vaclav Prospal 4 (Fedor Tyutin) at 18:21 (PP)

Penalties :
Byron Bitz (Tor) for Hooking (Minor) at 0:31, Alexander Frolov (Tor) for Interference (Minor) at 5:50, Marc-André Fleury (Tor) for Unsportsmanlike conduct (Major / Game Misconduct) at 15:21 - Byron Bitz served the penalty

Goalie Stats

Alex Stalock (Tor), 0 saves from 2 shots - (0,000), L, 0-1-0, 4:39 minutes
Marc-André Fleury (Tor), 35 saves from 37 shots - (0,946), 55:21 minutes
Martin Brodeur (Que), 26 saves from 29 shots - (0,897), W, 4-3-1, 60:00 minutes

Players Stats for Maple Leafs

Player Name              G  A  P  +/- PIM S  H  SB GA TA FO     MP     PP MP  PK MP  
------------------------------------------------------------------------------------
Alexander Frolov         0  0  0  -1  2   3  2  0  0  2  0/0    21:00   2:05   3:19 
Blake Comeau             0  0  0   0  0   1  1  1  0  0  0/0    10:07   0:00   0:00 
Braydon Coburn           0  0  0   2  0   3  1  0  0  1  0/0    22:42   1:27   6:04 
Byron Bitz               1  0  1   1  4   3  2  0  0  0  0/0    14:42   1:51   0:37 
Claude Giroux            0  1  1  -1  0   4  2  0  1  1  3/3    23:55   2:07   5:51 
Colby Armstrong          1  0  1   1  0   3  1  0  0  0  0/0     7:08   0:00   0:00 
Evgeni Malkin            1  0  1  -1  0   5  2  1  1  0  16/31  21:40   2:05   4:02 
Fabian Brunnstrom        0  0  0   1  0   0  2  0  0  0  0/2    13:52   1:51   0:00 
Jamie Benn               0  1  1   1  0   0  0  0  0  1  0/0     8:43   0:02   1:00 
Jamie McBain             0  0  0   0  0   0  1  0  0  0  0/0    15:34   0:00   4:31 
Jordan Staal             0  1  1   1  0   0  3  0  0  0  11/22  19:48   1:51   5:51 
Justin Abdelkader        0  0  0   0  0   0  3  0  0  0  1/1    10:07   0:00   0:00 
Justin Schultz           0  0  0   2  0   1  1  1  0  0  0/0    14:43   0:00   0:00 
Marc-Édouard Vlasic      0  0  0  -1  0   1  0  0  1  1  0/0    22:05   2:47   0:10 
Rob Schremp              0  0  0   0  0   1  1  0  0  0  2/2    11:12   0:02   0:30 
Taylor Chorney           0  0  0   0  0   0  1  0  0  1  0/0    18:28   0:52   6:04 
Tobias Enstrom           0  0  0  -1  0   1  1  1  2  1  0/0    26:28   2:50   4:21 
Zac Dalpe                0  1  1   1  0   3  0  0  0  0  2/4     7:08   0:00   0:00 

Players Stats for Nordiques

Player Name              G  A  P  +/- PIM S  H  SB GA TA FO     MP     PP MP  PK MP  
------------------------------------------------------------------------------------
Chris Drury              0  1  1  -1  0   3  2  1  0  0  17/37  22:24   5:31   1:58 
Dmitry Kulikov           0  0  0  -1  0   2  0  1  1  0  0/0    20:46   4:06   1:55 
Dustin Byfuglien         0  2  2  -1  0   2  1  0  1  0  0/0    27:46   6:21   0:53 
Fedor Tyutin             0  1  1  -1  0   2  4  2  0  2  0/0    27:24   6:24   0:28 
Jarret Stoll             0  0  0  -1  0   0  0  1  0  0  4/6    12:28   0:00   1:42 
Jean-Pierre Dumont       1  0  1   1  0   1  2  0  2  0  0/2    17:12   4:47   0:00 
Kyle Calder              0  1  1   1  0   4  0  1  0  1  0/1    18:47   4:47   1:15 
Mark Eaton               0  0  0   1  0   0  0  2  0  0  0/0    12:47   0:08   2:28 
Matt Moulson             0  1  1  -1  0   4  0  0  0  0  0/0    11:08   0:23   0:00 
Michael Ryder            0  0  0  -1  0   0  0  2  0  0  0/0    10:56   0:11   0:00 
Nikita Kucherov          0  0  0  -1  2   4  0  0  2  0  1/1    20:44   5:31   0:00 
Nikolai Kulemin          1  0  1   0  0   2  1  0  0  1  0/0     7:19   0:17   0:00 
Pascal Dupuis            0  0  0   0  0   3  0  0  1  0  1/2     9:13   0:00   1:52 
R.J. Umberger            1  0  1  -1  0   5  1  1  0  0  0/1    20:26   5:31   0:00 
Rich Peverley            0  0  0   0  0   2  0  0  0  0  2/3     8:11   0:00   1:09 
Ryan Ellis               0  0  0  -1  0   2  0  0  0  1  0/0    19:52   4:06   1:02 
T.J. Fast                0  0  0   1  2   0  0  1  0  0  0/0    11:25   0:05   1:10 
Vaclav Prospal           1  0  1   1  0   3  2  0  1  0  5/12   17:12   4:47   0:00 

3 Stars

1 - Vaclav Prospal (Que)
2 - Jean-Pierre Dumont (Que)
3 - Marc-André Fleury (Tor)

Power Play

Maple Leafs - 0 on 2 Attempt(s) - 0,00%
Nordiques - 2 on 6 Attempt(s) - 33,33%

Penalty Kill

Maple Leafs - 4 on 6 Attempt(s) - 66,67% - Score 0 goal in Penalty Kill
Nordiques - 2 on 2 Attempt(s) - 100,00% - Score 0 goal in Penalty Kill

Team Stat

Maple Leafs - Hits : 24 - Faceoff Wins : 35 - Blocked Shots : 4 - Penalty Minutes : 6
Nordiques - Hits : 13 - Faceoff Wins : 30 - Blocked Shots : 12 - Penalty Minutes : 4

Official

Referees : Rehman Kyle and Fraser Kerry
Linesman : Pierre Racicot and Derek Amell

Game Notes

Marc-André Fleury ejected from game at 15:21 of 3rd period
Alex Stalock enters game at 15:21 of 3rd period

Finance

Level 1 -- Attendance: 4257 (70,95%) -- Ticket Income 425 700 $
Level 2 -- Attendance: 3479 (69,58%) -- Ticket Income 208 740 $
Level 3 -- Attendance: 1304 (65,20%) -- Ticket Income 53 464 $
Level 4 -- Attendance: 2201 (55,03%) -- Ticket Income 66 030 $
Luxury Box -- Attendance: 1000 (100,00%) -- Ticket Income 160 000 $
Game was played at the Centre Videotron.
Total Attendance: 12241 (68,01%)
Total Ticket Income: 913 934 $
Other Income: 137 090 $
Total Income: 1 051 024 $

Maple Leafs

5 vs 5 Forward 
   Center                   Left Wing                Right Wing               Time % Phy DF OF 
 1 Evgeni Malkin            Alexander Frolov         Claude Giroux            40     1   2  2  
 2 Jordan Staal             Fabian Brunnstrom        Byron Bitz               30     1   2  2  
 3 Rob Schremp              Justin Abdelkader        Blake Comeau             20     1   2  2  
 4 Zac Dalpe                Jamie Benn               Colby Armstrong          10     1   2  2  

5 vs 5 Defense 
   Defense                  Defense                                           Time % Phy DF OF 
 1 Tobias Enstrom           Marc-Édouard Vlasic                               40     1   2  2  
 2 Braydon Coburn           Justin Schultz                                    30     1   2  2  
 3 Jamie McBain             Taylor Chorney                                    20     1   2  2  
 4 Tobias Enstrom           Marc-Édouard Vlasic                               10     1   2  2  

PowerPlay Forward 
   Center                   Left Wing                Right Wing               Time % Phy DF OF 
 1 Evgeni Malkin            Alexander Frolov         Claude Giroux            60     1   2  2  
 2 Jordan Staal             Fabian Brunnstrom        Byron Bitz               40     1   2  2  

PowerPlay Defense
   Defense                  Defense                                           Time % Phy DF OF 
 1 Tobias Enstrom           Marc-Édouard Vlasic                               60     1   2  2  
 2 Braydon Coburn           Marc-Édouard Vlasic                               40     1   2  2  

Penalty Kill 4 Players Forward 
   Center                   Wing                     Time % Phy DF OF 
 1 Jordan Staal             Claude Giroux            60     1   2  2  
 2 Evgeni Malkin            Byron Bitz               40     1   2  2  

Penalty Kill 4 Players Defense
   Defense                  Defense                  Time % Phy DF OF 
 1 Braydon Coburn           Taylor Chorney           60     1   2  2  
 2 Jamie McBain             Tobias Enstrom           40     1   2  2  

Penalty Kill - 3 Players Forward 
   Forward                                           Time % Phy DF OF 
 1 Claude Giroux                                     60     1   2  2  
 2 Evgeni Malkin                                     40     1   2  2  

Penalty Kill - 3 Players Defense
   Defense                  Defense                  Time % Phy DF OF 
 1 Braydon Coburn           Taylor Chorney           60     1   2  2  
 2 Jamie McBain             Tobias Enstrom           40     1   2  2  

4 vs 4 Forward 
   Center                   Wing                     Time % Phy DF OF 
 1 Evgeni Malkin            Claude Giroux            60     1   2  2  
 2 Jordan Staal             Byron Bitz               40     1   2  2  

4 vs 4 Defense
   Defense                  Defense                  Time % Phy DF OF 
 1 Tobias Enstrom           Marc-Édouard Vlasic      60     1   2  2  
 2 Braydon Coburn           Marc-Édouard Vlasic      40     1   2  2  

Last Minutes Offensive
   Center                   Left Wing                Right Wing               Defense                  Defense                  
   Evgeni Malkin            Alexander Frolov         Claude Giroux            Tobias Enstrom           Marc-Édouard Vlasic      

Last Minutes Defensive
   Center                   Left Wing                Right Wing               Defense                  Defense                  
   Jordan Staal             Alexander Frolov         Claude Giroux            Braydon Coburn           Taylor Chorney           

Goaltenders
Starting : Marc-André Fleury        
Backup : Alex Stalock             

Extra Forwards
Normal : Byron Bitz, Claude Giroux, Jordan Staal - PP : Byron Bitz, Evgeni Malkin - PK : Byron Bitz
Extra Defensemen
Normal : Braydon Coburn, Tobias Enstrom, Taylor Chorney - PP : Marc-Édouard Vlasic - PK : Tobias Enstrom, Braydon Coburn
Penalty Shots
Claude Giroux, Fabian Brunnstrom, Rob Schremp, Zac Dalpe, Alexander Frolov

Nordiques

5 vs 5 Forward 
   Center                   Left Wing                Right Wing               Time % Phy DF OF 
 1 Chris Drury              R.J. Umberger            Nikita Kucherov          40     0   0  5  
 2 Vaclav Prospal           Kyle Calder              Jean-Pierre Dumont       30     0   0  5  
 3 Jarret Stoll             Matt Moulson             Michael Ryder            20     0   0  5  
 4 Rich Peverley            Nikolai Kulemin          Pascal Dupuis            10     0   0  5  

5 vs 5 Defense 
   Defense                  Defense                                           Time % Phy DF OF 
 1 Fedor Tyutin             Dustin Byfuglien                                  40     1   1  3  
 2 Ryan Ellis               Dmitry Kulikov                                    30     1   1  3  
 3 T.J. Fast                Mark Eaton                                        20     1   3  1  
 4 Fedor Tyutin             Dustin Byfuglien                                  10     1   1  3  

PowerPlay Forward 
   Center                   Left Wing                Right Wing               Time % Phy DF OF 
 1 Chris Drury              R.J. Umberger            Nikita Kucherov          60     0   0  5  
 2 Vaclav Prospal           Kyle Calder              Jean-Pierre Dumont       40     0   0  5  

PowerPlay Defense
   Defense                  Defense                                           Time % Phy DF OF 
 1 Fedor Tyutin             Dustin Byfuglien                                  60     1   0  4  
 2 Ryan Ellis               Dmitry Kulikov                                    40     1   0  4  

Penalty Kill 4 Players Forward 
   Center                   Wing                     Time % Phy DF OF 
 1 Pascal Dupuis            Chris Drury              60     1   3  1  
 2 Jarret Stoll             Rich Peverley            40     1   3  1  

Penalty Kill 4 Players Defense
   Defense                  Defense                  Time % Phy DF OF 
 1 T.J. Fast                Mark Eaton               60     2   3  0  
 2 Ryan Ellis               Dmitry Kulikov           40     2   3  0  

Penalty Kill - 3 Players Forward 
   Forward                                           Time % Phy DF OF 
 1 Pascal Dupuis                                     60     1   4  0  
 2 Jarret Stoll                                      40     2   3  0  

Penalty Kill - 3 Players Defense
   Defense                  Defense                  Time % Phy DF OF 
 1 T.J. Fast                Mark Eaton               60     1   4  0  
 2 Dustin Byfuglien         Dmitry Kulikov           40     1   4  0  

4 vs 4 Forward 
   Center                   Wing                     Time % Phy DF OF 
 1 Chris Drury              Jean-Pierre Dumont       60     1   1  3  
 2 Vaclav Prospal           Nikita Kucherov          40     1   1  3  

4 vs 4 Defense
   Defense                  Defense                  Time % Phy DF OF 
 1 Ryan Ellis               Dmitry Kulikov           60     1   3  1  
 2 Fedor Tyutin             Dustin Byfuglien         40     1   3  1  

Last Minutes Offensive
   Center                   Left Wing                Right Wing               Defense                  Defense                  
   Chris Drury              R.J. Umberger            Nikita Kucherov          Ryan Ellis               Dmitry Kulikov           

Last Minutes Defensive
   Center                   Left Wing                Right Wing               Defense                  Defense                  
   Pascal Dupuis            Rich Peverley            Vaclav Prospal           T.J. Fast                Mark Eaton               

Goaltenders
Starting : Martin Brodeur           
Backup : Julien Ellis             

Extra Forwards
Normal : Chris Drury, Nikita Kucherov, R.J. Umberger - PP : Matt Moulson, Nikolai Kulemin - PK : Rich Peverley
Extra Defensemen
Normal : Fedor Tyutin, Ryan Ellis, Dustin Byfuglien - PP : Fedor Tyutin - PK : Dmitry Kulikov, T.J. Fast
Penalty Shots
R.J. Umberger, Chris Drury, Vaclav Prospal, Jean-Pierre Dumont, Kyle Calder

% Time on Ice - Maple Leafs

Lines # - Real PCT - Wanted PCT - Time Play
Normal Forward
1 - 36% - 40% - 16:11
2 - 26% - 30% - 12:01
3 - 22% - 20% - 10:07
4 - 16% - 10% - 7:08
Normal Defense
1 - 39% - 40% - 17:46
2 - 34% - 30% - 15:14
3 - 24% - 20% - 10:45
4 - 4% - 10% - 1:42
PP Forward
1 - 53% - 60% - 2:07
2 - 47% - 40% - 1:51
PP Defense
1 - 71% - 60% - 2:50
2 - 29% - 40% - 1:08
PK Forward
1 - 74% - 60% - 7:51
2 - 26% - 40% - 2:44
PK Defense
1 - 59% - 60% - 6:14
2 - 41% - 40% - 4:21
PK3 Forward
1 - 0% - 60%
2 - 0% - 40%
PK3 Defense
1 - 0% - 60%
2 - 0% - 40%
44 Forward
1 - 0% - 60%
2 - 0% - 40%
44 Defense
1 - 0% - 60%
2 - 0% - 40%
Last Minute Offensive  - 0:00
Last Minute Defensive  - 0:00
Total
Forward - 60:00
Defense - 60:00

% Time on Ice - Nordiques

Lines # - Real PCT - Wanted PCT - Time Play
Normal Forward
1 - 34% - 40% - 15:15
2 - 27% - 30% - 12:25
3 - 24% - 20% - 10:45
4 - 15% - 10% - 7:02
Normal Defense
1 - 40% - 40% - 18:04
2 - 32% - 30% - 14:44
3 - 22% - 20% - 10:10
4 - 5% - 10% - 2:29
PP Forward
1 - 55% - 60% - 5:48
2 - 45% - 40% - 4:47
PP Defense
1 - 61% - 60% - 6:29
2 - 39% - 40% - 4:06
PK Forward
1 - 81% - 60% - 3:13
2 - 19% - 40% - 0:45
PK Defense
1 - 74% - 60% - 2:56
2 - 26% - 40% - 1:02
PK3 Forward
1 - 0% - 60%
2 - 0% - 40%
PK3 Defense
1 - 0% - 60%
2 - 0% - 40%
44 Forward
1 - 0% - 60%
2 - 0% - 40%
44 Defense
1 - 0% - 60%
2 - 0% - 40%
Last Minute Offensive  - 0:00
Last Minute Defensive  - 0:00
Total
Forward - 60:00
Defense - 60:00

Play by Play

1st period


0:01 of 1st period - Evgeni Malkin wins face-off versus Chris Drury in neutral zone.
0:26 of 1st period - Jean-Pierre Dumont is hit by Fabian Brunnstrom and loses puck.
0:53 of 1st period - Jarret Stoll is hit by Justin Abdelkader and loses puck.
1:08 of 1st period - Taylor Chorney is hit by Nikolai Kulemin and loses puck.
1:25 of 1st period - Icing by Nikolai Kulemin.
1:26 of 1st period - Claude Giroux wins face-off versus Rich Peverley in Nordiques zone.
1:57 of 1st period - Snap shot by Nikita Kucherov.
1:57 of 1st period - Deflect By Chris Drury.
1:57 of 1st period - Shot Misses the Net.
1:57 of 1st period - Puck is out of play.
1:58 of 1st period - Rob Schremp wins face-off versus Chris Drury in Maple Leafs zone.
2:09 of 1st period - Snap shot by Nikita Kucherov.
2:09 of 1st period - Stopped by Marc-André Fleury with a rebound.
2:11 of 1st period - Snap shot by Chris Drury.
2:11 of 1st period - Shot Misses the Net.
2:19 of 1st period - Wrist shot by Chris Drury.
2:19 of 1st period - Shot Misses the Net.
2:31 of 1st period - Snap shot by R.J. Umberger.
2:31 of 1st period - Stopped by Marc-André Fleury with a rebound.
2:33 of 1st period - Snap shot by R.J. Umberger.
2:33 of 1st period - Stopped by Marc-André Fleury without a rebound.
2:34 of 1st period - Jordan Staal wins face-off versus Jean-Pierre Dumont in Maple Leafs zone.
2:51 of 1st period - Dmitry Kulikov is hit by Tobias Enstrom and loses puck.
3:47 of 1st period - Snap shot by Nikita Kucherov.
3:47 of 1st period - Stopped by Marc-André Fleury with a rebound.
3:49 of 1st period - Slapshot by Dmitry Kulikov.
3:49 of 1st period - Shot Misses the Net.
3:59 of 1st period - Snap shot by Rich Peverley.
3:59 of 1st period - Stopped by Marc-André Fleury without a rebound.
4:00 of 1st period - Evgeni Malkin wins face-off versus Jean-Pierre Dumont in Maple Leafs zone.
4:09 of 1st period - Slapshot by Tobias Enstrom.
4:09 of 1st period - Shot Blocked by T.J. Fast.
4:11 of 1st period - Snap shot by Claude Giroux.
4:11 of 1st period - Stopped by Martin Brodeur with a rebound.
4:13 of 1st period - Wrist shot by Evgeni Malkin.
4:13 of 1st period - Stopped by Martin Brodeur with a rebound.
4:15 of 1st period - Backhand shot by Alexander Frolov.
4:15 of 1st period - Shot Misses the Net.
4:17 of 1st period - Slapshot by Alexander Frolov.
4:17 of 1st period - Stopped by Martin Brodeur with a rebound.
5:32 of 1st period - Jamie McBain is hit by Jean-Pierre Dumont and loses puck.
5:41 of 1st period - Snap shot by Kyle Calder.
5:41 of 1st period - Stopped by Marc-André Fleury without a rebound.
5:42 of 1st period - Chris Drury wins face-off versus Jordan Staal in Maple Leafs zone.
5:43 of 1st period - Snap shot by Nikita Kucherov.
5:43 of 1st period - Stopped by Marc-André Fleury without a rebound.
5:44 of 1st period - Chris Drury wins face-off versus Jordan Staal in Maple Leafs zone.
5:56 of 1st period - Minor Penalty to Nikita Kucherov for Tripping.
5:57 of 1st period - Evgeni Malkin wins face-off versus Chris Drury in Nordiques zone.
5:59 of 1st period - Wrist shot by Evgeni Malkin.
5:59 of 1st period - Shot Misses the Net.
6:01 of 1st period - Snap shot by Alexander Frolov.
6:01 of 1st period - Stopped by Martin Brodeur with a rebound.
6:25 of 1st period - Tobias Enstrom is hit by Chris Drury and loses puck.
6:32 of 1st period - Pascal Dupuis is hit by Fabian Brunnstrom and loses puck.
7:56 of 1st period - Penalty to Nikita Kucherov is over, Nikita Kucherov is back on ice.
8:12 of 1st period - Snap shot by Pascal Dupuis.
8:12 of 1st period - Stopped by Marc-André Fleury with a rebound.
8:14 of 1st period - Slapshot by Kyle Calder.
8:14 of 1st period - Stopped by Marc-André Fleury without a rebound.
8:15 of 1st period - Rob Schremp wins face-off versus Chris Drury in Maple Leafs zone.
9:43 of 1st period - Slapshot by Tobias Enstrom.
9:43 of 1st period - Shot Misses the Net.
9:45 of 1st period - Slapshot by Marc-Édouard Vlasic.
9:45 of 1st period - Deflect By Colby Armstrong.
9:45 of 1st period - Shot Misses the Net.
9:45 of 1st period - Puck is out of play.
9:46 of 1st period - Jarret Stoll wins face-off versus Jordan Staal in Nordiques zone.
9:55 of 1st period - Snap shot by Matt Moulson.
9:55 of 1st period - Stopped by Marc-André Fleury with a rebound.
10:17 of 1st period - Icing by Marc-Édouard Vlasic.
10:18 of 1st period - Vaclav Prospal wins face-off versus Evgeni Malkin in Maple Leafs zone.
10:23 of 1st period - Wrist shot by Kyle Calder.
10:23 of 1st period - Stopped by Marc-André Fleury with a rebound.
10:33 of 1st period - Slapshot by Evgeni Malkin.
10:33 of 1st period - Shot Misses the Net.
10:35 of 1st period - Snap shot by Claude Giroux.
10:35 of 1st period - Stopped by Martin Brodeur without a rebound.
10:36 of 1st period - Jordan Staal wins face-off versus Chris Drury in Nordiques zone.
10:39 of 1st period - Snap shot by Jordan Staal.
10:39 of 1st period - Shot Blocked by Fedor Tyutin.
10:42 of 1st period - Icing by Dustin Byfuglien.
10:43 of 1st period - Jordan Staal wins face-off versus Chris Drury in Nordiques zone.
11:32 of 1st period - Wrist shot by Michael Ryder.
11:32 of 1st period - Shot Blocked by Blake Comeau.
11:38 of 1st period - Wrist shot by Rob Schremp.
11:38 of 1st period - Shot Blocked by Jarret Stoll.
12:15 of 1st period - Snap shot by Chris Drury.
12:15 of 1st period - Stopped by Marc-André Fleury without a rebound.
12:16 of 1st period - Chris Drury wins face-off versus Evgeni Malkin in Maple Leafs zone.
12:17 of 1st period - Snap shot by R.J. Umberger.
12:17 of 1st period - Stopped by Marc-André Fleury without a rebound.
12:18 of 1st period - Chris Drury wins face-off versus Evgeni Malkin in Maple Leafs zone.
13:09 of 1st period - Snap shot by Rob Schremp.
13:09 of 1st period - Stopped by Martin Brodeur without a rebound.
13:10 of 1st period - Chris Drury wins face-off versus Evgeni Malkin in Nordiques zone.
13:15 of 1st period - Slapshot by Chris Drury.
13:15 of 1st period - Stopped by Marc-André Fleury with a rebound.
13:39 of 1st period - Tobias Enstrom is hit by Jean-Pierre Dumont.
14:09 of 1st period - Snap shot by Blake Comeau.
14:09 of 1st period - Shot Blocked by Fedor Tyutin.
14:44 of 1st period - Wrist shot by Blake Comeau.
14:44 of 1st period - Stopped by Martin Brodeur without a rebound.
14:45 of 1st period - Evgeni Malkin wins face-off versus R.J. Umberger in Nordiques zone.
14:50 of 1st period - Slapshot by Claude Giroux.
14:50 of 1st period - Stopped by Martin Brodeur with a rebound.
14:54 of 1st period - Wrist shot by Claude Giroux.
14:54 of 1st period - Shot Misses the Net.
14:56 of 1st period - Snap shot by Claude Giroux.
14:56 of 1st period - Shot Misses the Net.
14:58 of 1st period - Slapshot by Braydon Coburn.
14:58 of 1st period - Stopped by Martin Brodeur with a rebound.
15:00 of 1st period - Slapshot by Braydon Coburn.
15:00 of 1st period - Deflect By Mark Eaton.
15:00 of 1st period - Stopped by Martin Brodeur with a rebound.
15:31 of 1st period - Snap shot by Colby Armstrong.
15:31 of 1st period - Deflect By Zac Dalpe.
15:31 of 1st period - Stopped by Martin Brodeur without a rebound.
15:32 of 1st period - Zac Dalpe wins face-off versus Jarret Stoll in Nordiques zone.
15:33 of 1st period - Wrist shot by Colby Armstrong.
15:33 of 1st period - Stopped by Martin Brodeur with a rebound.
16:16 of 1st period - Icing by Dustin Byfuglien.
16:17 of 1st period - Jordan Staal wins face-off versus Kyle Calder in Nordiques zone.
16:24 of 1st period - Byron Bitz is hit by Vaclav Prospal and loses puck.
16:29 of 1st period - Snap shot by Vaclav Prospal.
16:29 of 1st period - Stopped by Marc-André Fleury without a rebound.
16:30 of 1st period - Chris Drury wins face-off versus Evgeni Malkin in Maple Leafs zone.
16:33 of 1st period - Wrist shot by Chris Drury.
16:33 of 1st period - Shot Misses the Net.
16:35 of 1st period - Wrist shot by R.J. Umberger.
16:35 of 1st period - Stopped by Marc-André Fleury without a rebound.
16:36 of 1st period - Evgeni Malkin wins face-off versus Chris Drury in Maple Leafs zone.
16:43 of 1st period - Slapshot by Marc-Édouard Vlasic.
16:43 of 1st period - Shot Blocked by Dmitry Kulikov.
16:51 of 1st period - Slapshot by Ryan Ellis.
16:51 of 1st period - Stopped by Marc-André Fleury with a rebound.
18:33 of 1st period - Snap shot by Byron Bitz.
18:33 of 1st period - Stopped by Martin Brodeur without a rebound.
18:34 of 1st period - Jarret Stoll wins face-off versus Jordan Staal in Nordiques zone.
18:41 of 1st period - Wrist shot by Byron Bitz.
18:41 of 1st period - Shot Misses the Net.
18:59 of 1st period - Snap shot by Matt Moulson.
18:59 of 1st period - Stopped by Marc-André Fleury without a rebound.
19:00 of 1st period - Evgeni Malkin wins face-off versus Chris Drury in Maple Leafs zone.
19:00 of 1st period - Evgeni Malkin is hit by Dustin Byfuglien.
19:06 of 1st period - Slapshot by Nikita Kucherov.
19:06 of 1st period - Shot Misses the Net.
19:08 of 1st period - Slapshot by Dustin Byfuglien.
19:08 of 1st period - Shot Blocked by Justin Schultz.
19:10 of 1st period - Slapshot by Fedor Tyutin.
19:10 of 1st period - Stopped by Marc-André Fleury without a rebound.
19:11 of 1st period - Claude Giroux wins face-off versus Chris Drury in Maple Leafs zone.
Goals for this period are 0 for Maple Leafs vs 0 for Nordiques.
Shots for this period are 13 for Maple Leafs vs 19 for Nordiques.

2nd period


0:01 of 2nd period - Evgeni Malkin wins face-off versus Chris Drury in neutral zone.
0:06 of 2nd period - Wrist shot by Claude Giroux.
0:06 of 2nd period - Shot Misses the Net.
0:32 of 2nd period - Off-side.
0:33 of 2nd period - Jarret Stoll wins face-off versus Fabian Brunnstrom in neutral zone.
0:48 of 2nd period - Matt Moulson is hit by Jordan Staal and loses puck.
1:01 of 2nd period - Snap shot by Byron Bitz.
1:01 of 2nd period - Goal by Byron Bitz - Maple Leafs : 1 - Nordiques : 0.
1:02 of 2nd period - Evgeni Malkin wins face-off versus Vaclav Prospal in neutral zone.
1:13 of 2nd period - Snap shot by Jean-Pierre Dumont.
1:13 of 2nd period - Shot Misses the Net.
1:15 of 2nd period - Slapshot by Fedor Tyutin.
1:15 of 2nd period - Stopped by Marc-André Fleury without a rebound.
1:16 of 2nd period - Evgeni Malkin wins face-off versus Chris Drury in Maple Leafs zone.
1:16 of 2nd period - Evgeni Malkin is hit by Fedor Tyutin.
1:36 of 2nd period - Chris Drury is hit by Evgeni Malkin and loses puck.
1:43 of 2nd period - Evgeni Malkin is hit by Fedor Tyutin and loses puck.
1:48 of 2nd period - Wrist shot by Chris Drury.
1:48 of 2nd period - Stopped by Marc-André Fleury without a rebound.
1:49 of 2nd period - Vaclav Prospal wins face-off versus Fabian Brunnstrom in Maple Leafs zone.
2:02 of 2nd period - Kyle Calder is hit by Byron Bitz and loses puck.
3:04 of 2nd period - Backhand shot by R.J. Umberger.
3:04 of 2nd period - Goal by R.J. Umberger - Maple Leafs : 1 - Nordiques : 1.
3:05 of 2nd period - Evgeni Malkin wins face-off versus Vaclav Prospal in neutral zone.
3:22 of 2nd period - Vaclav Prospal is hit by Alexander Frolov and loses puck.
4:05 of 2nd period - Snap shot by Pascal Dupuis.
4:05 of 2nd period - Stopped by Marc-André Fleury without a rebound.
4:06 of 2nd period - Chris Drury wins face-off versus Evgeni Malkin in Maple Leafs zone.
4:42 of 2nd period - Slapshot by Ryan Ellis.
4:42 of 2nd period - Stopped by Marc-André Fleury without a rebound.
4:43 of 2nd period - Jordan Staal wins face-off versus Vaclav Prospal in Maple Leafs zone.
4:43 of 2nd period - Jordan Staal is hit by Fedor Tyutin.
5:08 of 2nd period - Off-side.
5:09 of 2nd period - Evgeni Malkin wins face-off versus Chris Drury in neutral zone.
5:21 of 2nd period - Off-side.
5:22 of 2nd period - Nikita Kucherov wins face-off versus Evgeni Malkin in neutral zone.
5:49 of 2nd period - Tobias Enstrom is hit by Vaclav Prospal and loses puck.
6:35 of 2nd period - Wrist shot by Evgeni Malkin.
6:35 of 2nd period - Stopped by Martin Brodeur with a rebound.
6:46 of 2nd period - Icing by T.J. Fast.
6:47 of 2nd period - Zac Dalpe wins face-off versus Chris Drury in Nordiques zone.
6:50 of 2nd period - Wrist shot by Jamie Benn.
6:50 of 2nd period - Deflect By Colby Armstrong.
6:50 of 2nd period - Goal by Colby Armstrong - Maple Leafs : 2 - Nordiques : 1.
6:51 of 2nd period - Vaclav Prospal wins face-off versus Evgeni Malkin in neutral zone.
7:16 of 2nd period - Fedor Tyutin is hit by Jordan Staal and loses puck.
8:01 of 2nd period - Wrist shot by Colby Armstrong.
8:01 of 2nd period - Shot Blocked by Mark Eaton.
8:03 of 2nd period - Wrist shot by Zac Dalpe.
8:03 of 2nd period - Stopped by Martin Brodeur without a rebound.
8:04 of 2nd period - Chris Drury wins face-off versus Zac Dalpe in Nordiques zone.
8:16 of 2nd period - Fedor Tyutin is hit by Colby Armstrong and loses puck.
8:29 of 2nd period - Dustin Byfuglien is hit by Alexander Frolov and loses puck.
8:35 of 2nd period - Off-side.
8:36 of 2nd period - Vaclav Prospal wins face-off versus Evgeni Malkin in neutral zone.
9:38 of 2nd period - Snap shot by Nikolai Kulemin.
9:38 of 2nd period - Stopped by Marc-André Fleury without a rebound.
9:39 of 2nd period - Evgeni Malkin wins face-off versus Chris Drury in Maple Leafs zone.
10:12 of 2nd period - Slapshot by Jean-Pierre Dumont.
10:12 of 2nd period - Shot Misses the Net.
10:44 of 2nd period - Rob Schremp is hit by Fedor Tyutin and loses puck.
11:40 of 2nd period - Minor Penalty to T.J. Fast for Cross-checking.
11:41 of 2nd period - Evgeni Malkin wins face-off versus Pascal Dupuis in Nordiques zone.
11:44 of 2nd period - Slapshot by Evgeni Malkin.
11:44 of 2nd period - Stopped by Martin Brodeur without a rebound.
11:45 of 2nd period - Pascal Dupuis wins face-off versus Evgeni Malkin in Nordiques zone.
13:17 of 2nd period - Icing by Byron Bitz.
13:18 of 2nd period - Evgeni Malkin wins face-off versus Jarret Stoll in Maple Leafs zone.
13:40 of 2nd period - Penalty to T.J. Fast is over, T.J. Fast is back on ice.
13:56 of 2nd period - Icing by Blake Comeau.
13:57 of 2nd period - Justin Abdelkader wins face-off versus Vaclav Prospal in Maple Leafs zone.
14:06 of 2nd period - Snap shot by Vaclav Prospal.
14:06 of 2nd period - Stopped by Marc-André Fleury without a rebound.
14:07 of 2nd period - Vaclav Prospal wins face-off versus Evgeni Malkin in Maple Leafs zone.
14:34 of 2nd period - Snap shot by Byron Bitz.
14:34 of 2nd period - Stopped by Martin Brodeur without a rebound.
14:35 of 2nd period - Chris Drury wins face-off versus Jordan Staal in Nordiques zone.
14:39 of 2nd period - Minor Penalty to Byron Bitz for Tripping.
14:40 of 2nd period - Chris Drury wins face-off versus Jordan Staal in Maple Leafs zone.
16:39 of 2nd period - Penalty to Byron Bitz is over, Byron Bitz is back on ice.
16:52 of 2nd period - Snap shot by Rich Peverley.
16:52 of 2nd period - Stopped by Marc-André Fleury without a rebound.
16:53 of 2nd period - Rich Peverley wins face-off versus Jordan Staal in Maple Leafs zone.
16:56 of 2nd period - Snap shot by Pascal Dupuis.
16:56 of 2nd period - Shot Blocked by Tobias Enstrom.
17:52 of 2nd period - Slapshot by Marc-Édouard Vlasic.
17:52 of 2nd period - Stopped by Martin Brodeur without a rebound.
17:53 of 2nd period - Rich Peverley wins face-off versus Zac Dalpe in Nordiques zone.
18:18 of 2nd period - Chris Drury is hit by Taylor Chorney.
18:48 of 2nd period - Wrist shot by Jarret Stoll.
18:48 of 2nd period - Shot Misses the Net.
19:23 of 2nd period - Kyle Calder is hit by Evgeni Malkin and loses puck.
Goals for this period are 2 for Maple Leafs vs 1 for Nordiques.
Shots for this period are 7 for Maple Leafs vs 8 for Nordiques.

3rd period


0:01 of 3rd period - Chris Drury wins face-off versus Evgeni Malkin in neutral zone.
0:04 of 3rd period - Backhand shot by Nikita Kucherov.
0:04 of 3rd period - Stopped by Marc-André Fleury without a rebound.
0:05 of 3rd period - Chris Drury wins face-off versus Evgeni Malkin in Maple Leafs zone.
0:31 of 3rd period - Minor Penalty to Byron Bitz for Hooking.
0:32 of 3rd period - Jordan Staal wins face-off versus Chris Drury in Maple Leafs zone.
1:27 of 3rd period - Wrist shot by Alexander Frolov.
1:27 of 3rd period - Stopped by Martin Brodeur with a rebound.
1:29 of 3rd period - Slapshot by Tobias Enstrom.
1:29 of 3rd period - Stopped by Martin Brodeur without a rebound.
1:30 of 3rd period - Chris Drury wins face-off versus Evgeni Malkin in Nordiques zone.
1:39 of 3rd period - Snap shot by Evgeni Malkin.
1:39 of 3rd period - Deflect By Alexander Frolov.
1:39 of 3rd period - Shot Misses the Net.
1:39 of 3rd period - Puck is out of play.
1:40 of 3rd period - Jordan Staal wins face-off versus Vaclav Prospal in Nordiques zone.
2:11 of 3rd period - Slapshot by Dustin Byfuglien.
2:11 of 3rd period - Stopped by Marc-André Fleury with a rebound.
2:13 of 3rd period - Snap shot by Vaclav Prospal.
2:13 of 3rd period - Shot Hit the Post.
2:15 of 3rd period - Snap shot by Jean-Pierre Dumont.
2:15 of 3rd period - Shot Misses the Net.
2:17 of 3rd period - Slapshot by Fedor Tyutin.
2:17 of 3rd period - Shot Misses the Net.
2:19 of 3rd period - Slapshot by Dustin Byfuglien.
2:19 of 3rd period - Stopped by Marc-André Fleury without a rebound.
2:20 of 3rd period - Jordan Staal wins face-off versus Chris Drury in Maple Leafs zone.
2:31 of 3rd period - Penalty to Byron Bitz is over, Byron Bitz is back on ice.
3:49 of 3rd period - Slapshot by Evgeni Malkin.
3:49 of 3rd period - Stopped by Martin Brodeur with a rebound.
3:57 of 3rd period - Snap shot by Kyle Calder.
3:57 of 3rd period - Deflect By Jean-Pierre Dumont.
3:57 of 3rd period - Goal by Jean-Pierre Dumont - Maple Leafs : 2 - Nordiques : 2.
3:58 of 3rd period - Evgeni Malkin wins face-off versus Chris Drury in neutral zone.
4:01 of 3rd period - Snap shot by Evgeni Malkin.
4:01 of 3rd period - Goal by Evgeni Malkin - Maple Leafs : 3 - Nordiques : 2.
4:02 of 3rd period - Chris Drury wins face-off versus Evgeni Malkin in neutral zone.
4:13 of 3rd period - Snap shot by Claude Giroux.
4:13 of 3rd period - Shot Blocked by Chris Drury.
4:23 of 3rd period - Fedor Tyutin is hit by Claude Giroux and loses puck.
5:22 of 3rd period - Snap shot by Zac Dalpe.
5:22 of 3rd period - Stopped by Martin Brodeur with a rebound.
5:24 of 3rd period - Slapshot by Tobias Enstrom.
5:24 of 3rd period - Shot Misses the Net.
5:41 of 3rd period - Dmitry Kulikov is hit by Braydon Coburn and loses puck.
5:44 of 3rd period - Slapshot by Dmitry Kulikov.
5:44 of 3rd period - Stopped by Marc-André Fleury with a rebound.
5:50 of 3rd period - Minor Penalty to Alexander Frolov for Interference.
5:51 of 3rd period - Chris Drury wins face-off versus Jordan Staal in Maple Leafs zone.
6:26 of 3rd period - Slapshot by Ryan Ellis.
6:26 of 3rd period - Shot Blocked by Evgeni Malkin.
6:28 of 3rd period - Slapshot by Dmitry Kulikov.
6:28 of 3rd period - Stopped by Marc-André Fleury with a rebound.
7:02 of 3rd period - Dustin Byfuglien is hit by Jamie McBain and loses puck.
7:21 of 3rd period - R.J. Umberger is hit by Byron Bitz and loses puck.
7:39 of 3rd period - Icing by Dmitry Kulikov.
7:40 of 3rd period - Evgeni Malkin wins face-off versus Vaclav Prospal in Nordiques zone.
7:50 of 3rd period - Penalty to Alexander Frolov is over, Alexander Frolov is back on ice.
8:15 of 3rd period - Dustin Byfuglien is hit by Blake Comeau and loses puck.
8:40 of 3rd period - Nikolai Kulemin is hit by Justin Schultz and loses puck.
9:07 of 3rd period - R.J. Umberger is hit by Claude Giroux and loses puck.
9:18 of 3rd period - Snap shot by Kyle Calder.
9:18 of 3rd period - Stopped by Marc-André Fleury without a rebound.
9:19 of 3rd period - Jordan Staal wins face-off versus Vaclav Prospal in Maple Leafs zone.
9:32 of 3rd period - Slapshot by Fabian Brunnstrom.
9:32 of 3rd period - Shot Misses the Net.
9:34 of 3rd period - Snap shot by Fabian Brunnstrom.
9:34 of 3rd period - Shot Misses the Net.
10:07 of 3rd period - Evgeni Malkin is hit by Chris Drury and loses puck.
10:30 of 3rd period - Wrist shot by Matt Moulson.
10:30 of 3rd period - Stopped by Marc-André Fleury without a rebound.
10:31 of 3rd period - Jarret Stoll wins face-off versus Jordan Staal in Maple Leafs zone.
10:32 of 3rd period - Snap shot by Matt Moulson.
10:32 of 3rd period - Stopped by Marc-André Fleury with a rebound.
10:56 of 3rd period - Mark Eaton is hit by Justin Abdelkader and loses puck.
11:07 of 3rd period - Slapshot by Justin Abdelkader.
11:07 of 3rd period - Shot Blocked by Michael Ryder.
11:09 of 3rd period - Slapshot by Blake Comeau.
11:09 of 3rd period - Shot Blocked by Michael Ryder.
12:26 of 3rd period - Alexander Frolov is hit by R.J. Umberger and loses puck.
12:47 of 3rd period - Jean-Pierre Dumont is hit by Justin Abdelkader and loses puck.
12:56 of 3rd period - Vaclav Prospal is hit by Rob Schremp and loses puck.
13:17 of 3rd period - Wrist shot by Colby Armstrong.
13:17 of 3rd period - Stopped by Martin Brodeur with a rebound.
13:41 of 3rd period - Ryan Ellis is hit by Jordan Staal and loses puck.
14:21 of 3rd period - Slapshot by Justin Schultz.
14:21 of 3rd period - Deflect By Jean-Pierre Dumont.
14:21 of 3rd period - Stopped by Martin Brodeur with a rebound.
14:23 of 3rd period - Backhand shot by Colby Armstrong.
14:23 of 3rd period - Shot Blocked by Mark Eaton.
14:25 of 3rd period - Slapshot by Tobias Enstrom.
14:25 of 3rd period - Shot Blocked by Kyle Calder.
15:21 of 3rd period - Snap shot by Pascal Dupuis.
15:21 of 3rd period - Deflect By Braydon Coburn.
15:21 of 3rd period - Stopped by Marc-André Fleury without a rebound.
15:21 of 3rd period - Major / Game Misconduct Penalty to Marc-André Fleury for Unsportsmanlike conduct.
15:21 of 3rd period - Marc-André Fleury is ejected from game.
15:21 of 3rd period - Alex Stalock enters game.
15:22 of 3rd period - Claude Giroux wins face-off versus Chris Drury in Maple Leafs zone.
15:35 of 3rd period - Wrist shot by Claude Giroux.
15:35 of 3rd period - Shot Misses the Net.
15:37 of 3rd period - Slapshot by Braydon Coburn.
15:37 of 3rd period - Stopped by Martin Brodeur with a rebound.
17:47 of 3rd period - Slapshot by Nikolai Kulemin.
17:47 of 3rd period - Goal by Nikolai Kulemin - Maple Leafs : 3 - Nordiques : 3.
17:48 of 3rd period - Jordan Staal wins face-off versus Chris Drury in neutral zone.
17:53 of 3rd period - Snap shot by Braydon Coburn.
17:53 of 3rd period - Deflect By Jordan Staal.
17:53 of 3rd period - Shot Blocked by R.J. Umberger.
17:53 of 3rd period - Puck is out of play.
17:54 of 3rd period - Jordan Staal wins face-off versus Chris Drury in Nordiques zone.
17:55 of 3rd period - Snap shot by Claude Giroux.
17:55 of 3rd period - Stopped by Martin Brodeur without a rebound.
17:56 of 3rd period - Chris Drury wins face-off versus Jordan Staal in Nordiques zone.
18:21 of 3rd period - Snap shot by Vaclav Prospal.
18:21 of 3rd period - Goal by Vaclav Prospal - Maple Leafs : 3 - Nordiques : 4.
18:22 of 3rd period - Chris Drury wins face-off versus Jordan Staal in neutral zone.
Goals for this period are 1 for Maple Leafs vs 3 for Nordiques.
Shots for this period are 9 for Maple Leafs vs 12 for Nordiques.